| TOP OF THE 1ST |
|
Seattle (APP) Mariners batting - Pitching for Bluefield Blue Jays : RHP Shalom Diender
|
|
Pitching: RHP Shalom Diender
|
|
|
Batting: RHB Joaquin Salazar
|
0-0: Called Strike 0-1: Called Strike 0-2: Ground out U3 (Groundball, 34, EV 80.0 MPH)
|
|
Batting: RHB Eddie Luna
|
0-0: Fly out, F5 (Popup, 25F, EV 90.6 MPH)
|
|
Batting: LHB William Gonzales
|
0-0: Foul Ball, location: 2F 0-1: Called Strike 0-2: Ground out 5-3 (Groundball, 56S, EV 73.8 MPH)
|
| Top of the 1st over - 0 runs, 0 hits, 0 errors, 0 left on base; Seattle (APP) 0 - Bluefield 0 |
| BOTTOM OF THE 1ST |
|
Bluefield Blue Jays batting - Pitching for Seattle (APP) Mariners : LHP Ji-chol Lee
|
|
Pitching: LHP Ji-chol Lee
|
|
|
Batting: SHB Steve Ramsey
|
0-0: Ball 1-0: Swinging Strike 1-1: Ball 2-1: Ground out 6-3 (Groundball, 56, EV 84.4 MPH)
|
|
Batting: SHB Toby Patenaude
|
0-0: Fly out, F3 (Popup, 3, EV 74.4 MPH)
|
|
Batting: RHB Brandon Williams
|
0-0: Called Strike 0-1: Swinging Strike 0-2: Ball 1-2: Ball 2-2: Ball 3-2: Base on Balls
|
|
Batting: RHB Lao-che Zhu
|
0-0: Ball 1-0: Ball 2-0: Ball 3-0: Base on Balls Brandon Williams to second
|
|
Batting: RHB Cedric Nicholls
|
0-0: Foul Ball, location: 2F 0-1: Fly out, F6 (Line Drive, 6M, EV 64.4 MPH)
|
| Bottom of the 1st over - 0 runs, 0 hits, 0 errors, 2 left on base; Seattle (APP) 0 - Bluefield 0 |
| TOP OF THE 2ND |
|
Seattle (APP) Mariners batting - Pitching for Bluefield Blue Jays : RHP Shalom Diender
|
|
Batting: LHB Yoshihisa Kobayashi
|
0-0: Called Strike 0-1: Ball 1-1: Ball 2-1: Swinging Strike 2-2: Strikes out swinging
|
|
Batting: RHB Ross Hallock
|
0-0: Swinging Strike 0-1: Ball 1-1: Ball 2-1: Ball 3-1: Base on Balls
|
|
Batting: RHB Victor Rosas
|
0-0: Called Strike 0-1: DOUBLE (Groundball, 5L, EV 95.0 MPH) Ross Hallock to third Runner from 3rd tries for Home, SAFE, throw by LF to trailing runner, SAFE at third!
|
|
Batting: RHB Steve Carmichael
|
0-0: Ball 1-0: Swinging Strike 1-1: Ball 2-1: Ball 3-1: Foul Ball, location: 2F 3-2: Strikes out swinging
|
|
Batting: RHB Ziven Badersky
|
0-0: Ball 1-0: Ball 2-0: Foul Ball, location: 2F 2-1: Ball 3-1: Base on Balls
|
|
Batting: RHB Tristan Martin
|
0-0: Ball 1-0: Swinging Strike 1-1: Ball 2-1: Ball 3-1: TRIPLE (Line Drive, 89XD, EV 109.4 MPH) Victor Rosas scores Ziven Badersky scores
|
|
Batting: RHB Joaquin Salazar
|
0-0: Ball Wild Pitch! Tristan Martin scores 1-0: Ball 2-0: Ball 3-0: Called Strike 3-1: Foul Ball, location: 2F 3-2: Foul Ball, location: 2F 3-2: Base on Balls
|
|
Batting: RHB Eddie Luna
|
0-0: Ball 1-0: Ball 2-0: Called Strike Joaquin Salazar steals 2nd base 2-1: Fly out, F9 (Flyball, 9D, EV 91.2 MPH)
|
| Top of the 2nd over - 4 runs, 2 hits, 0 errors, 1 left on base; Seattle (APP) 4 - Bluefield 0 |
| BOTTOM OF THE 2ND |
|
Bluefield Blue Jays batting - Pitching for Seattle (APP) Mariners : LHP Ji-chol Lee
|
|
Batting: RHB Tom Bergman
|
0-0: Fly out, F7 (Flyball, 7, EV 86.2 MPH)
|
|
Batting: LHB Jessie Stewart
|
0-0: Ball 1-0: Foul Ball, location: 2F 1-1: Ball 2-1: Ground out U3 (Groundball, 34, EV 83.1 MPH)
|
|
Batting: SHB Miguel Sano Jr.
|
0-0: Ball 1-0: Called Strike 1-1: Swinging Strike 1-2: Ball 2-2: Strikes out swinging
|
| Bottom of the 2nd over - 0 runs, 0 hits, 0 errors, 0 left on base; Seattle (APP) 4 - Bluefield 0 |
| TOP OF THE 3RD |
|
Seattle (APP) Mariners batting - Pitching for Bluefield Blue Jays : RHP Shalom Diender
|
|
Batting: LHB William Gonzales
|
0-0: Ball 1-0: Ball 2-0: Ball 3-0: Base on Balls
|
|
Batting: LHB Yoshihisa Kobayashi
|
0-0: Ball 1-0: Ball 2-0: Ball 3-0: Called Strike 3-1: Swinging Strike 3-2: Foul Ball, location: 2F 3-2: Base on Balls William Gonzales to second
|
|
Batting: RHB Ross Hallock
|
0-0: Foul Ball, location: 2F 0-1: Ball 1-1: Swinging Strike 1-2: Ball 2-2: Ball 3-2: 3-RUN HOME RUN (Flyball, 78XD, EV 99.4 MPH), Distance : 415 ft
|
|
Pitching: RHP Jordan Wyatt
|
|
|
Batting: RHB Victor Rosas
|
0-0: Ball 1-0: Ball 2-0: Ball 3-0: Called Strike 3-1: Foul Ball, location: 2F 3-2: SINGLE (Groundball, 4D, EV 98.8 MPH)
|
|
Batting: RHB Steve Carmichael
|
0-0: Ball 1-0: Called Strike 1-1: Ball Wild Pitch! Victor Rosas to second 2-1: Called Strike 2-2: Ball 3-2: Strikes out swinging
|
|
Batting: RHB Ziven Badersky
|
0-0: Called Strike 0-1: Ball 1-1: Ball 2-1: Ball 3-1: Swinging Strike 3-2: Strikes out swinging
|
|
Batting: RHB Tristan Martin
|
0-0: DOUBLE (Flyball, 9LD, EV 101.9 MPH) Victor Rosas scores
|
|
Batting: RHB Joaquin Salazar
|
0-0: Called Strike 0-1: Swinging Strike 0-2: Ball 1-2: Ball 2-2: Ball 3-2: Strikes out swinging
|
| Top of the 3rd over - 4 runs, 3 hits, 0 errors, 1 left on base; Seattle (APP) 8 - Bluefield 0 |
| BOTTOM OF THE 3RD |
|
Bluefield Blue Jays batting - Pitching for Seattle (APP) Mariners : LHP Ji-chol Lee
|
|
Batting: RHB Jerry Perez
|
0-0: Swinging Strike 0-1: SINGLE (Line Drive, 56, EV 98.8 MPH)
|
|
Batting: SHB Steve Ramsey
|
0-0: Fly out, F8 (Flyball, 89D, EV 85.0 MPH)
|
|
Batting: SHB Toby Patenaude
|
0-0: Foul Ball, location: 2F 0-1: Ball 1-1: Foul Ball, location: 2F 1-2: Ball 2-2: Fly out, F8 (Flyball, 8RD, EV 88.1 MPH)
|
|
Batting: RHB Brandon Williams
|
0-0: Foul Ball, location: 2F 0-1: Foul Ball, location: 2F 0-2: Ball 1-2: Ball 2-2: Ball 3-2: Foul Ball, location: 2F 3-2: Base on Balls Jerry Perez to second
|
|
Batting: RHB Lao-che Zhu
|
0-0: Ground out U3 (Groundball, 3, EV 89.4 MPH)
|
| Bottom of the 3rd over - 0 runs, 1 hit, 0 errors, 2 left on base; Seattle (APP) 8 - Bluefield 0 |
| TOP OF THE 4TH |
|
Seattle (APP) Mariners batting - Pitching for Bluefield Blue Jays : RHP Jordan Wyatt
|
|
Batting: RHB Eddie Luna
|
0-0: Ground out 5-3 (Groundball, 56, EV 85.6 MPH)
|
|
Batting: LHB William Gonzales
|
0-0: Foul Ball, location: 2F 0-1: Foul Ball, location: 2F 0-2: Ball 1-2: Strikes out swinging
|
|
Batting: LHB Yoshihisa Kobayashi
|
0-0: Ball 1-0: Ball 2-0: Called Strike 2-1: Ball 3-1: Base on Balls
|
|
Batting: RHB Ross Hallock
|
0-0: Ball 1-0: Called Strike 1-1: Foul Ball, location: 2F 1-2: Ball 2-2: SINGLE (Line Drive, 9LM, EV 110.6 MPH) Yoshihisa Kobayashi to second
|
|
Batting: RHB Victor Rosas
|
0-0: Called Strike 0-1: Hit by Pitch Yoshihisa Kobayashi to third Ross Hallock to second
|
|
Batting: RHB Steve Carmichael
|
0-0: Called Strike 0-1: Swinging Strike 0-2: Ground out 4-3 (Groundball, 4, EV 88.1 MPH)
|
| Top of the 4th over - 0 runs, 1 hit, 0 errors, 3 left on base; Seattle (APP) 8 - Bluefield 0 |
| BOTTOM OF THE 4TH |
|
Bluefield Blue Jays batting - Pitching for Seattle (APP) Mariners : LHP Ji-chol Lee
|
|
Batting: RHB Cedric Nicholls
|
0-0: Foul Ball, location: 2F 0-1: Foul Ball, location: 2F 0-2: Ball 1-2: Foul Ball, location: 2F 1-2: Foul Ball, location: 2F 1-2: Ball 2-2: Strikes out swinging
|
|
Batting: RHB Tom Bergman
|
0-0: Foul Ball, location: 2F 0-1: Fly out, F8 (Flyball, 78S, EV 91.9 MPH)
|
|
Batting: LHB Jessie Stewart
|
0-0: Ball 1-0: Foul Ball, location: 2F 1-1: Called Strike 1-2: Ball 2-2: Ground out U3 (Groundball, 34, EV 104.4 MPH)
|
| Bottom of the 4th over - 0 runs, 0 hits, 0 errors, 0 left on base; Seattle (APP) 8 - Bluefield 0 |
| TOP OF THE 5TH |
|
Seattle (APP) Mariners batting - Pitching for Bluefield Blue Jays : RHP Jordan Wyatt
|
|
Batting: RHB Ziven Badersky
|
0-0: Ball 1-0: Foul Ball, location: 2F 1-1: Called Strike 1-2: Ball 2-2: Strikes out looking
|
|
Batting: RHB Tristan Martin
|
0-0: Foul Ball, location: 2F 0-1: Swinging Strike 0-2: Ball 1-2: Strikes out looking
|
|
Batting: RHB Joaquin Salazar
|
0-0: Foul Ball, location: 2F 0-1: Ball 1-1: Reached on error, E6 (Groundball, 56, EV 105.6 MPH)
|
|
Batting: RHB Eddie Luna
|
0-0: Ball 1-0: Ground out 4-3 (Groundball, 4, EV 82.5 MPH)
|
| Top of the 5th over - 0 runs, 0 hits, 1 error, 1 left on base; Seattle (APP) 8 - Bluefield 0 |
| BOTTOM OF THE 5TH |
|
Bluefield Blue Jays batting - Pitching for Seattle (APP) Mariners : LHP Ji-chol Lee
|
|
Batting: SHB Miguel Sano Jr.
|
0-0: Foul Ball, location: 2F 0-1: Foul Ball, location: 2F 0-2: Ball 1-2: Foul Ball, location: 2F 1-2: Ball 2-2: Foul Ball, location: 2F 2-2: Ball 3-2: Strikes out swinging
|
|
Batting: RHB Jerry Perez
|
0-0: Ball 1-0: Ball 2-0: Ball 3-0: Swinging Strike 3-1: Foul Ball, location: 2F 3-2: Strikes out swinging
|
|
Batting: SHB Steve Ramsey
|
0-0: Ball 1-0: Fly out, F8 (Line Drive, 89M, EV 108.1 MPH)
|
| Bottom of the 5th over - 0 runs, 0 hits, 0 errors, 0 left on base; Seattle (APP) 8 - Bluefield 0 |
| TOP OF THE 6TH |
|
Seattle (APP) Mariners batting - Pitching for Bluefield Blue Jays : RHP Jordan Wyatt
|
|
Batting: LHB William Gonzales
|
0-0: Ball 1-0: Foul Ball, location: 2F 1-1: SINGLE (Flyball, 3D, EV 90.6 MPH)
|
|
Pitching: RHP Sergio Valdivia
|
|
|
Batting: LHB Yoshihisa Kobayashi
|
0-0: Ball 1-0: SINGLE (Groundball, 6MD, EV 98.1 MPH) William Gonzales to second
|
|
Batting: RHB Ross Hallock
|
0-0: Called Strike 0-1: Swinging Strike 0-2: Foul Ball, location: 2F 0-2: Ball 1-2: Foul Ball, location: 2F 1-2: Ball 2-2: Fielders Choice at 2nd, 5-4 (Groundball, 25, EV 86.9 MPH) William Gonzales to third
|
|
Batting: RHB Victor Rosas
|
Balk! William Gonzales scores Ross Hallock to second 0-0: Ball 1-0: SINGLE (Line Drive, 7LM, EV 107.5 MPH) Ross Hallock to third
|
|
Batting: RHB Steve Carmichael
|
0-0: Called Strike 0-1: Called Strike 0-2: Ball 1-2: Ball Wild Pitch! Ross Hallock scores Victor Rosas to second 2-2: Strikes out swinging
|
|
Batting: RHB Ziven Badersky
|
0-0: Called Strike 0-1: Ground out 3-1 (Groundball, 34S, EV 88.1 MPH)
|
| Top of the 6th over - 2 runs, 3 hits, 0 errors, 1 left on base; Seattle (APP) 10 - Bluefield 0 |
| BOTTOM OF THE 6TH |
|
Bluefield Blue Jays batting - Pitching for Seattle (APP) Mariners : LHP Ji-chol Lee
|
|
Batting: SHB Toby Patenaude
|
0-0: Called Strike 0-1: Foul Ball, location: 2F 0-2: Ball 1-2: Foul Ball, location: 2F 1-2: Ball 2-2: Ground out 5-3 (Groundball, 56, EV 94.4 MPH)
|
|
Batting: RHB Brandon Williams
|
0-0: Called Strike 0-1: Ball 1-1: Ball 2-1: Ground out 4-3 (Groundball, 4M, EV 91.9 MPH)
|
|
Batting: RHB Lao-che Zhu
|
0-0: SINGLE (Line Drive, 3D, EV 94.4 MPH)
|
|
Batting: RHB Cedric Nicholls
|
0-0: Called Strike Lao-che Zhu is caught stealing 2nd base 2-4
|
| Bottom of the 6th over - 0 runs, 1 hit, 0 errors, 0 left on base; Seattle (APP) 10 - Bluefield 0 |
| TOP OF THE 7TH |
|
Seattle (APP) Mariners batting - Pitching for Bluefield Blue Jays : RHP Sergio Valdivia
|
|
Batting: RHB Tristan Martin
|
0-0: Ball 1-0: Ball 2-0: Called Strike 2-1: Called Strike 2-2: Strikes out swinging
|
|
Batting: RHB Joaquin Salazar
|
0-0: Called Strike 0-1: Ball 1-1: Foul Ball, location: 2F 1-2: Ball 2-2: Strikes out swinging
|
|
Batting: RHB Eddie Luna
|
0-0: Ball 1-0: Foul Ball, location: 2F 1-1: Ball 2-1: Swinging Strike 2-2: Strikes out swinging
|
| Top of the 7th over - 0 runs, 0 hits, 0 errors, 0 left on base; Seattle (APP) 10 - Bluefield 0 |
| BOTTOM OF THE 7TH |
|
Bluefield Blue Jays batting - Pitching for Seattle (APP) Mariners : LHP Ji-chol Lee
|
|
Batting: RHB Cedric Nicholls
|
0-0: DOUBLE (Line Drive, 7LM, EV 106.2 MPH)
|
|
Batting: RHB Tom Bergman
|
0-0: Called Strike 0-1: Swinging Strike 0-2: Strikes out looking
|
|
Batting: LHB Jessie Stewart
|
0-0: Ball 1-0: Called Strike 1-1: Ball 2-1: Ball 3-1: Base on Balls
|
|
Pitching: RHP Daniel Villalobos
|
|
|
Batting: SHB Miguel Sano Jr.
|
0-0: Ball 1-0: Swinging Strike 1-1: Foul Ball, location: 2F 1-2: Strikes out looking
|
|
Batting: RHB Jerry Perez
|
0-0: Ball 1-0: Swinging Strike 1-1: Ball 2-1: Fielders Choice at 2nd, 6-4 (Groundball, 6, EV 81.2 MPH)
|
| Bottom of the 7th over - 0 runs, 1 hit, 0 errors, 2 left on base; Seattle (APP) 10 - Bluefield 0 |
| TOP OF THE 8TH |
|
Seattle (APP) Mariners batting - Pitching for Bluefield Blue Jays : RHP Sergio Valdivia
|
|
Batting: LHB William Gonzales
|
0-0: Called Strike 0-1: Ball 1-1: Ball 2-1: Ball 3-1: Foul Ball, location: 2F 3-2: Foul Ball, location: 2F 3-2: Base on Balls
|
|
Pitching: LHP William Capuano
|
|
|
Batting: LHB Yoshihisa Kobayashi
|
0-0: Fly out, F8 (Flyball, 89D, EV 100.0 MPH)
|
|
Batting: RHB Ross Hallock
|
0-0: Called Strike 0-1: Ball 1-1: Foul Ball, location: 2F 1-2: Ball 2-2: Foul Ball, location: 2F 2-2: Strikes out swinging
|
|
Batting: RHB Victor Rosas
|
0-0: Called Strike 0-1: Called Strike 0-2: Strikes out looking
|
| Top of the 8th over - 0 runs, 0 hits, 0 errors, 1 left on base; Seattle (APP) 10 - Bluefield 0 |
| BOTTOM OF THE 8TH |
|
Bluefield Blue Jays batting - Pitching for Seattle (APP) Mariners : RHP Daniel Villalobos
|
|
Batting: SHB Steve Ramsey
|
0-0: Ball 1-0: Foul Ball, location: 2F 1-1: Swinging Strike 1-2: Strikes out swinging
|
|
Batting: SHB Toby Patenaude
|
0-0: Ball 1-0: Ball 2-0: Called Strike 2-1: Ball 3-1: Base on Balls
|
|
Batting: RHB Brandon Williams
|
0-0: Ball 1-0: Ball 2-0: Ball Wild Pitch! Toby Patenaude to second 3-0: Called Strike 3-1: Ground out 5-3 (Groundball, 5S, EV 83.8 MPH)
|
|
Batting: RHB Lao-che Zhu
|
0-0: Called Strike 0-1: Ball 1-1: Ball 2-1: Called Strike 2-2: Ball 3-2: Foul Ball, location: 2F 3-2: Strikes out looking
|
| Bottom of the 8th over - 0 runs, 0 hits, 0 errors, 1 left on base; Seattle (APP) 10 - Bluefield 0 |
| TOP OF THE 9TH |
|
Seattle (APP) Mariners batting - Pitching for Bluefield Blue Jays : LHP William Capuano
|
|
Pinch Hitting: LHB Garrett Dodge
|
0-0: Fly out, F8 (Flyball, 89D, EV 93.8 MPH)
|
|
Batting: RHB Ziven Badersky
|
0-0: Called Strike 0-1: Fly out, F9 (Flyball, 9, EV 79.4 MPH)
|
|
Batting: RHB Tristan Martin
|
0-0: Swinging Strike 0-1: Swinging Strike 0-2: Ball 1-2: Ball 2-2: Strikes out swinging
|
| Top of the 9th over - 0 runs, 0 hits, 0 errors, 0 left on base; Seattle (APP) 10 - Bluefield 0 |
| BOTTOM OF THE 9TH |
|
Bluefield Blue Jays batting - Pitching for Seattle (APP) Mariners : RHP Daniel Villalobos
|
|
Now in RF: Garrett Dodge
|
|
|
Batting: RHB Cedric Nicholls
|
0-0: Ball 1-0: Fly out, F9 (Flyball, 9, EV 77.5 MPH)
|
|
Batting: LHB Edwin Esparza
|
0-0: Called Strike 0-1: Ball 1-1: Ball 2-1: Fly out, F8 (Flyball, 78M, EV 90.6 MPH)
|
|
Batting: LHB Jessie Stewart
|
0-0: Called Strike 0-1: Called Strike 0-2: Ball 1-2: Strikes out looking
|
| Bottom of the 9th over - 0 runs, 0 hits, 0 errors, 0 left on base; Seattle (APP) 10 - Bluefield 0 |
|